 Dungeon Crawl Stone Soup version 0.31-a0-1005-gfbdfbacc72 (webtiles) character file.

Game seed: 15987171451145233348

105 BinkBink the Thaumaturge (level 4, 0/24 HPs)
             Began as a Deep Elf Air Elementalist on Nov 11, 2023.
             Succumbed to an adder's poison
             ... on level 1 of the Dungeon.
             The game lasted 00:03:33 (1599 turns).

BinkBink the Thaumaturge (DEAE)                     Turns: 1599, Time: 00:03:33

Health: 0/24       AC:  2    Str:  5    XL:     4   Next: 53%
Magic:  0/18       EV: 12    Int: 22    God:
Gold:   32         SH:  0    Dex: 15    Spells: 18/24 levels left

rFire   . . .        c - +1 dagger (drain)
rCold   . . .        (no shield)
rNeg    . . .        a - +0 robe
rPois   .            (no helmet)
rElec   .            (no cloak)
rCorr   .            (no gloves)
SInv    .            (no boots)
Will    .....        e - amulet of faith
Stlth   ++           (no ring)
HPRegen 0.24/turn    (no ring)
MPRegen 0.16/turn

%: faith
@: lethally poisoned (0 -> -4)
A: no striking features
a: no special abilities


You were on level 1 of the Dungeon.
You visited 1 branch of the dungeon, and saw 2 of its levels.

You collected 32 gold pieces.

Inventory:

Hand Weapons
 c - a +1 dagger of draining (weapon)
Armour
 a - a +0 robe (worn)
Jewellery
 e - an amulet of faith (around neck)
Scrolls
 d - a scroll of poison {unknown}
 f - a scroll of enchant armour {unknown}
 h - a scroll of teleportation {unknown}
 j - a scroll of identify {unknown}
Potions
 g - a potion of heal wounds {unknown}
 i - a potion of curing {unknown}


   Skills:
 - Level 2.4 Dodging
 - Level 2.4 Stealth
 + Level 10.5 Spellcasting
 - Level 1.1 Conjurations
 + Level 8.4 Air Magic


You had 18 spell levels left.
You knew the following spells:

 Your Spells              Type           Power      Damage    Failure   Level
a - Shock                 Conj/Air       100%       1d9       1%          1
b - Static Discharge      Conj/Air       64%        3-6/arc   1%          2
c - Swiftness             Air            48%        N/A       1%          3

Your spell library contained the following spells:

 Spells                   Type           Power      Damage    Failure   Level
 Airstrike                Air            24%        2d(4-20)  1%          4
 Wereblood                Tmut           11%        N/A       9%          2
 Irradiate                Conj/Tmut      7%         3d14      77%         5


Dungeon Overview and Level Annotations

Branches:
Dungeon (2/15)

Altars:


Message History

Found a fizzy blue potion.
The adder attacks as it pursues you! The adder bites you but does no damage.
The adder attacks as it pursues you! The adder bites you.
There is a stone staircase leading up here.
The adder bites you.
You climb upwards.
There is a stone staircase leading down here.
Casting: Shock (safe; 4% risk of failure)
Confirm with . or Enter, or press ? or * to list all spells.
You don't have enough magic to cast this spell.
The adder attacks as it pursues you! The adder barely misses you. x2
The adder attacks as it pursues you! The adder bites you.
You are poisoned.
The adder poisons you!
You closely miss the adder.
You feel sick. The adder barely misses you.
You hit the adder but do no damage.
You feel sick. The adder bites you.
You are more poisoned.
The adder poisons you! The adder misses you.
You closely miss the adder.
You feel sick. The adder bites you but does no damage.
It was a potion of experience.
You feel more experienced!
Your Spellcasting skill gained 6 levels and is now at level 10!
Your Air Magic skill gained 5 levels and is now at level 8!
You have reached level 4!
You feel clever.
You feel sick. The adder bites you.
* * * LOW HITPOINT WARNING * * *
Casting: Shock (safe; 1% risk of failure)
Confirm with . or Enter, or press ? or * to list all spells.
The adder is struck by an arc of lightning.
The adder is heavily wounded.
You are struck by an arc of lightning.
* * * LOW HITPOINT WARNING * * *
The adder is struck by an arc of lightning!
You kill the adder!
You are struck by an arc of lightning.
* * * LOW HITPOINT WARNING * * *
The lightning grounds out.
You die...

#.#####...##.#♣..♣..P.......#####
#..........####.##...######.##...
#.#####...#####......# #.##.##
.............#####...# #......
#.##.....>...# #...#########...
...#.........# #...#...# ####
...#.........#####>..#.#.### #
...#...................#...######
#..#............@....#####.....#.
#..#.................).#....##.##
#..#.........#####...#.#.##.##.##
#..#.........# #...#.).##...#..
######....#### ###...###.#####.##
#.#### #......##.##...... ### #.#
######.#....##.......## #†#
#.####...........#####.##)..
#.####....†..###..#.#...# #.#####


There were no monsters in sight!

Vanquished Creatures
  An adder (D:1)
  A dart slug (D:1)
  An endoplasm (D:1)
  A giant cockroach (D:2)
  5 goblins
  5 hobgoblins
  3 jackals (D:2)
  2 quokkas (D:1)
  5 ball pythons (D:1)
  3 bats
  4 frilled lizards (D:1)
  8 kobolds
  7 rats
46 creatures vanquished.

Notes
Turn   | Place    | Note
-------+----------+-------------------------------------------
     0 | D:1      | BinkBink the Deep Elf Air Elementalist began the quest for
                  | the Orb.
     0 | D:1      | Reached XP level 1. HP: 10/10 MP: 6/6
   279 | D:1      | Reached XP level 2. HP: 15/15 MP: 5/8
   823 | D:1      | Learned a level 2 spell: Static Discharge
   858 | D:1      | Reached skill level 4 in Spellcasting
   864 | D:1      | Reached XP level 3. HP: 19/19 MP: 1/10
  1075 | D:1      | Learned a level 3 spell: Swiftness
  1598 | D:1      | Reached skill level 10 in Spellcasting
  1598 | D:1      | Reached XP level 4. HP: 9/24 MP: 2/18
  1599 | D:1      | HP: 1/24 [/static electricity (2)]
  1599 | D:1      | Succumbed to an adder's poison

Illustrated notes

Levels and vault maps discovered:
D:1:      dpeg_arrival_court, layout_loops_cross,
          hangedman_abyss_or_decor_stabs, serial_bayou_pond_b,
          lexackson_kobold_supper
D:2:      layout_rooms

Skill      XL: |  1  2  3 |
---------------+----------+-----
Spellcasting   | 4 10 | 10.5
Air Magic      | 8 |  8.4
Dodging        | |  2.4
Stealth        | |  2.4
Conjurations   | |  1.1

Action                     |  1- 3 |  4- 6 || total
---------------------------+-------+-------++-------
  Melee: Dagger            |     8 |       ||     8
   Cast: Shock             |    92 |       ||    92
         Static Discharge  |       |     1 ||     1
    Use: Potion            |     2 |       ||     2
 Armour: Robe              |    14 |     3 ||    17
  Dodge: Dodged            |    15 |       ||    15

Table legend: (Time is in decaauts)
 A = Elapsed time spent in this place.
 B = Non-inter-level travel time spent in this place.
 C = Inter-level travel time spent in this place.
 D = Time resting spent in this place.
 E = Time spent auto-exploring this place.
 F = Levels seen in this place.
 G = Mean time per level.
                   A        B        C        D        E       F      G
               +--------+--------+--------+--------+--------+-----+--------+
         Total |   1601 |   1578 |     23 |    109 |   1247 |   2 |  800.5 |
       Dungeon |   1601 |   1578 |     23 |    109 |   1247 |   2 |  800.5 |
               +--------+--------+--------+--------+--------+-----+--------+

Top non-repeatable levels by time:
     D:1: 1455 daAuts
     D:2: 146 daAuts
